 Dungeon Crawl Stone Soup version 0.17.0-7-gfadd4cc (webtiles) character file.

109 HungrySpirit the Sneak (level 4, -1/34 HPs)
             Began as a Vine Stalker Assassin on Nov 8, 2015.
             Succumbed to Terence's poison
             ... on level 2 of the Dungeon.
             The game lasted 00:02:22 (1067 turns).

HungrySpirit the Sneak (Vine Stalker Assassin)      Turns: 1067, Time: 00:02:22

Health: -1/34      AC: 22    Str: 13    XL:     4   Next: 90%
Magic:  5/5        EV:  2    Int: 11    God:
Gold:   50         SH:  0    Dex: 17    Spells: 0 memorised, 3 levels left

rFire  . . .     SeeInvis .     a - +2 dagger
rCold  . . .     Clarity  .     (armour currently unavailable)
rNeg   + + +     SustAt   .     (no shield)
rPois  +         Gourm    .     (helmet currently unavailable)
rElec  .         Spirit   +     (cloak currently unavailable)
rCorr  .         Warding  .     (gloves currently unavailable)
rMut   .         NoTele   +     (boots currently unavailable)
MR     .....                    (no amulet)
Stlth  ++........               (no ring)
                                (no ring)

@: confused, lethally poisoned (-1 -> -17), tree-form, not resistant to hostile
enchantments, unstealthy
A: (fangs 0), regeneration 1, magic shield, (antimagic bite), no device heal 3,
rot immunity
a: no special abilities


You were on level 2 of the Dungeon.
You were hungry.
You were a tree.
You visited 1 branch of the dungeon, and saw 2 of its levels.

You collected 50 gold pieces.

Inventory:

Hand Weapons
 a - a +2 dagger (weapon)
 b - a +0 blowgun
Missiles
 e - 8 poisoned needles
 f - 2 curare-tipped needles
Armour
 c - a +0 robe (melded)
 d - a +0 cloak
 s - a +0 cloak (melded)
Jewellery
 r - an uncursed ring of see invisible {unknown}
Wands
 t - a wand of digging (6)
Scrolls
 h - 4 scrolls of remove curse {unknown}
 i - a scroll of noise {unknown}
 m - a scroll of random uselessness {unknown}
 o - 2 scrolls of identify {unknown}
 q - 3 scrolls of magic mapping {unknown}
Potions
 l - a potion of flight {unknown}
Comestibles
 g - 3 bread rations
 p - a slice of pizza


   Skills:
 - Level 1.7 Fighting
 * Level 3.8 Short Blades
 - Level 1.7 Throwing
 - Level 0.7 Dodging
 + Level 5.8 Stealth


You had 3 spell levels left.
You didn't know any spells.

Dungeon Overview and Level Annotations

Branches:
Dungeon (2/15)

Altars:

Annotations:
D:2 Terence


Innate Abilities, Weirdness & Mutations

((You have extremely sharp teeth.))
Your natural rate of healing is unusually fast.
When hurt, damage is shared between your health and your magic reserves.
((Your bite disrupts and absorbs the magic of your enemies.))
Potions and wands cannot restore your health.
You are immune to rotting.


Message History

Terence is severely wounded.
* * * LOW HITPOINT WARNING * * *
You feel sick.
Terence shouts, "ATTACK!!!"
Terence barely misses you.
Unknown command.
Drink which item? (? for menu, Esc to quit)
It was a potion of ambrosia.
You are confused.
You feel invigorated.
* * * LOW HITPOINT WARNING * * *
You feel sick.
Terence hits you with a trident of venom.
You are more poisoned.
Unknown command.
Drink which item? (? for menu, Esc to quit)
It was a potion of lignification.
You turn into a tree.
Your +0 cloak melds into your body.
Your +0 robe melds into your body.
Your roots penetrate the ground.
You die...

######### #........
############.####
#..........†)...##
#.##########♣#...# #.#
#..@.###... #.# #.#..#
.# #.## #.#..# #..#
#.#.#...#
######.#######.#.#[....#
#..............#.#.###.#
#.####.#######.#.#.# #
....[...............


You could see Terence.

Vanquished Creatures
  Crazy Yiuf (D:2)
  Jessica (D:2)
  2 adders (D:2)
  2 giant geckos (D:2)
  A giant cockroach (D:1)
  6 goblins
  4 hobgoblins
  A jackal (D:2)
  8 kobolds
  5 bats
  2 giant newts
  2 rats
35 creatures vanquished.

Notes
Turn   | Place    | Note
--------------------------------------------------------------
     0 | D:1      | HungrySpirit the Vine Stalker Assassin began the quest for the Orb.
     0 | D:1      | Reached XP level 1. HP: 11/11 MP: 2/2
   223 | D:1      | Reached skill level 5 in Stealth
   260 | D:1      | Reached XP level 2. HP: 15/15 MP: 3/3
   783 | D:2      | Reached XP level 3. HP: 18/18 MP: 4/4
   877 | D:2      | Noticed Crazy Yiuf
   899 | D:2      | Killed Crazy Yiuf
   899 | D:2      | Reached XP level 4. HP: 23/23 MP: 5/5
   980 | D:2      | Noticed Jessica
   989 | D:2      | Killed Jessica
  1050 | D:2      | Noticed Terence
  1066 | D:2      | HP: 1/23 [poisoned by Terence]
  1067 | D:2      | Succumbed to Terence's poison

Action                   |  1- 3 |  4- 6 || total
-------------------------+-------+-------++-------
Melee: Dagger            |    49 |    33 ||    82
 Fire: Blowgun           |     4 |       ||     4
  Use: Potion            |       |     3 ||     3
 Stab: Sleeping          |    12 |       ||    12
